 Dungeon Crawl Stone Soup version 0.26-b1-32-g5d43845318 (webtiles) character file.

Game seed: 8364241347543816789

1005 Borgoz the Skirmisher (level 8, -5/69 HPs)
             Began as a Ghoul Gladiator on Jan 13, 2021.
             Slain by an orc warrior
             ... wielding a +0 long sword
              (11 damage)
             ... on level 6 of the Dungeon.
             The game lasted 00:07:03 (5436 turns).

Borgoz the Skirmisher (Ghoul Gladiator)             Turns: 5436, Time: 00:07:04

Health: -5/69      AC:  8    Str: 24    XL:     8   Next: 20%
Magic:  0/7        EV: 14    Int:  3    God:
Gold:   175        SH:  0    Dex: 12    Spells: 7/7 levels left

rFire    . . .     SeeInvis .   j - +0 morningstar
rCold    + . .     Faith    .   (no shield)
rNeg     + + +     Spirit   +   b - +0 leather armour
rPois    ∞         Reflect  .   c - +1 helmet
rElec    .         Harm     .   l - +0 cloak
rCorr    .         Rampage  .   n - +0 pair of gloves
Will     .....                  (no boots)
Stlth    +.........             r - amulet of guardian spirit
HPRegen  0.00/turn              e - +6 ring of strength (curse)
MPRegen  0.10/turn              (no ring)

@: no status effects
A: claws 1, cold resistance 1, negative energy resistance 3, inhibited
regeneration, torment resistance, unbreathing
a: no special abilities


You were on level 6 of the Dungeon.
You visited 2 branches of the dungeon, and saw 7 of its levels.

You collected 274 gold pieces.
You spent 99 gold pieces at shops.

Inventory:

Hand Weapons
 j - a +0 morningstar (weapon)
Missiles
 d - 3 throwing nets (quivered)
Armour
 b - a +0 leather armour (worn)
 c - a +1 helmet (worn)
 l - a +0 cloak (worn)
 n - a +0 pair of gloves (worn)
Jewellery
 e - a cursed +6 ring of strength (left hand)
 r - an amulet of guardian spirit (around neck)
Wands
 p - a wand of digging (4)
Scrolls
 f - 3 scrolls of remove curse
 o - a scroll of identify
 q - 3 scrolls of magic mapping
Potions
 g - 3 potions of magic
 h - 2 potions of heal wounds
 i - 2 potions of might
 k - a potion of brilliance
 m - a potion of haste


   Skills:
 * Level 5.4 Fighting
 * Level 4.9 Maces & Flails
 - Level 1.7 Throwing
 * Level 4.0 Armour
 * Level 5.0 Dodging


You had 7 spell levels left.
You didn't know any spells.
Your spell library was empty.

Dungeon Overview and Level Annotations

Branches:
Dungeon (6/15)             Temple (1/1) D:5

Altars:
Ashenzari
Cheibriados
Dithmenos
Elyvilon
Fedhas
Gozag
Hepliaklqana
Kikubaaqudgha
Makhleb
Nemelex Xobeh
Qazlal
Ru
Sif Muna
Trog
Uskayaw
Vehumet
Xom
Zin
The Shining One

Shops:
D:4 !

Annotations:
D:6 Pikel


Innate Abilities, Weirdness & Mutations

You thrive by killing the living.
You are immune to poison.
You have sharp fingernails.
Your flesh is cold resistant. (rC+)
You are immune to negative energy. (rN+++)
You do not regenerate when monsters are visible.
You are immune to unholy pain and torment.
You can survive without breathing.


Message History

The centaur is heavily wounded.
The centaur hits you! The centaur closely misses you.
You bludgeon the centaur!!
You kill the centaur!
Your Armour skill increases to level 4!
Your Dodging skill increases to level 5!
You hit the orc warrior but do no damage.
The orc warrior hits you but does no damage.
Pikel the Slaver comes into view.
He is wielding a +2 whip of freezing.
You closely miss the orc warrior. The orc warrior closely misses you.
You closely miss the orc warrior. The orc warrior closely misses you.
You hit the orc warrior but do no damage.
The orc warrior hits you with a +0 long sword.
* * * LOW HITPOINT WARNING * * *
You closely miss the orc warrior.
The orc warrior hits you with a +0 long sword!
* * * LOW HITPOINT WARNING * * *
You barely miss the orc warrior. The orc warrior misses you.
The orc warrior hits you with a +0 long sword!
You die...

#.......######..#
#......<......#.#
#.........###.#.#
#...........#....
#####+#.....####.
#.########. #.. .....
#####+#####################
.....5ozoo@(....(..........
.....55z###################
.......K# .......S#
.......oz..# .......z...#
........zZ.# ...........#
..........[#


You could see an orc warrior, 3 lemures, 2 wights and 2 orcs.

Vanquished Creatures
  Sigmund (D:4)
  2 centaurs
  A bullfrog (D:5)
  A scorpion (D:5)
  2 wights (D:6)
  2 orc priests
  A hound (D:5)
  Jessica (D:2)
  An iguana (D:4)
  3 worker ants
  A hound skeleton (D:5)
  Robin (D:3)
  2 worker ant zombies (D:5)
  4 adders
  2 shadow imps (D:5)
  A white imp (D:5)
  An ooze (D:3)
  An adder skeleton (D:4)
  6 worms
  11 dart slugs
  4 leopard geckos
  10 orcs
  3 ball pythons
  7 giant cockroaches
  12 goblins
  20 hobgoblins
  2 jackals (D:4)
  2 kobolds
  4 quokkas
  6 bats
  7 frilled lizards
  A leopard gecko zombie (D:5)
  7 rats
130 creatures vanquished.

Vanquished Creatures (others)
  A plant (D:1)
1 creature vanquished.

Grand Total: 131 creatures vanquished

Notes
Turn   | Place    | Note
-------+----------+-------------------------------------------
     0 | D:1      | Borgoz the Ghoul Gladiator began the quest for the Orb.
     0 | D:1      | Reached XP level 1. HP: 17/17 MP: 0/0
   106 | D:1      | Reached XP level 2. HP: 25/25 MP: 1/1
   561 | D:1      | Reached skill level 1 in Armour
   561 | D:1      | Reached XP level 3. HP: 29/30 MP: 2/2
  1070 | D:2      | Noticed Jessica
  1079 | D:2      | Killed Jessica
  1080 | D:2      | Reached XP level 4. HP: 35/38 MP: 3/3
  1773 | D:3      | Found a stormy altar of Qazlal.
  1841 | D:3      | Found a hazy altar of Hepliaklqana.
  1968 | D:3      | Reached XP level 5. HP: 23/45 MP: 4/4
  2472 | D:3      | Found a white marble altar of Elyvilon.
  2472 | D:3      | Found a glowing golden altar of the Shining One.
  2473 | D:3      | Found a sparkling altar of Nemelex Xobeh.
  2473 | D:3      | Found a broken altar of Ashenzari.
  2600 | D:3      | Found a bloodstained altar of Trog.
  2867 | D:4      | Noticed Robin
  2897 | D:3      | Killed Robin
  2898 | D:3      | Reached XP level 6. HP: 24/52 MP: 5/5
  3173 | D:4      | Found a snail-covered altar of Cheibriados.
  3394 | D:4      | Found Qiphec's Distillery.
  3404 | D:4      | Bought a potion of might for 44 gold pieces
  3404 | D:4      | Bought a potion of heal wounds for 55 gold pieces
  3530 | D:4      | Noticed Sigmund
  3595 | D:4      | Killed Sigmund
  3596 | D:4      | Reached XP level 7. HP: 22/60 MP: 0/6
  3850 | D:4      | Found a hide-covered altar of Uskayaw.
  4089 | D:5      | Entered Level 5 of the Dungeon
  4474 | D:5      | Found a glowing silver altar of Zin.
  4561 | D:5      | Reached skill level 5 in Fighting
  4893 | D:5      | Found a staircase to the Ecumenical Temple.
  4907 | Temple   | Entered the Ecumenical Temple
  5141 | D:5      | Found a sacrificial altar of Ru.
  5400 | D:6      | Reached XP level 8. HP: 35/68 MP: 5/7
  5431 | D:6      | Reached skill level 5 in Dodging
  5431 | D:6      | Noticed Pikel
  5436 | D:6      | Slain by an orc warrior

Illustrated notes

Levels and vault maps discovered:
D:1:      psy_arrival_terrarium, layout_loops_ring, serial_forest,
          infiniplex_forest_clump_diagonal, infiniplex_forest_clump_small,
          infiniplex_forest_clump_large, infiniplex_forest_zigzag_1,
          minmay_crystal_room
D:2:      layout_loops_ring, uniq_jessica
D:3:      kennysheep_slugbush, layout_basic, nzn_hepliaklqana_mist_gate,
          general_overflow_altar, grunt_temple_overflow_open, kennysheep_donut,
          trog_hazing_becter
D:4:      layout_cave_pools, marbit_many_paths, kennysheep_slug_shrine,
          serial_shops, shop, kennysheep_generic_room_7, uniq_robin,
          uniq_sigmund
D:5:      layout_cave_pools, kennysheep_mini_moat,
          minmay_temple_entry_antechambers, nicolae_ru_path_of_blood
D:6:      layout_basic, corner_web_ring, uniq_pikel
Temple:   jpeg_temple_island

Skill      XL: |  1  2  3  4  5  6  7  8 |
---------------+-------------------------+-----
Dodging        | 3 4 5 |  5.0
Maces & Flails | 3 4 |  4.9
Armour         | 1 2 3 4 |  4.0
Fighting       | 3 4 5 |  5.4
Throwing       | |  1.7

Action                   |  1- 3 |  4- 6 |  7- 9 || total
-------------------------+-------+-------+-------++-------
Melee: Flail             |   128 |   204 |    68 ||   400
       Morningstar       |       |       |    74 ||    74
  Use: Scroll            |     4 |    11 |     4 ||    19
       Potion            |       |     7 |     2 ||     9
Armor: Leather armour    |    46 |    77 |    39 ||   162
Dodge: Dodged            |   106 |   213 |   128 ||   447
